 Dungeon Crawl Stone Soup version 0.30-a0-996-ga6910c8ee8 (webtiles) character file.

Game seed: 11031184891777105888

2 Pimp the Charlatan (level 1, 0/13 HPs)
             Began as a Barachi Wanderer on Apr 4, 2023.
             Slain by a jackal (1 damage)
             ... on level 1 of the Dungeon.
             The game lasted 00:00:33 (123 turns).

Pimp the Charlatan (Barachi Wanderer)                Turns: 123, Time: 00:00:33

Health: 0/13       AC:  2    Str: 10    XL:     1   Next: 30%
Magic:  2/2        EV: 11    Int: 16    God:
Gold:   19         SH:  0    Dex: 10    Spells: 1/2 levels left

rFire   . . .      SeeInvis .    a - +0 club
rCold   . . .      Faith    .    (no shield)
rNeg    . . .      Spirit   .    d - +0 robe
rPois   .          Reflect  .    (no helmet)
rElec   .          Rampage  .    (no cloak)
rCorr   .                        (no gloves)
Will    .....                    (no boots)
Stlth   +                        (no amulet)
HPRegen 0.22/turn                (no ring)
MPRegen 0.08/turn                (no ring)

@: slow
A: amphibious, slowness 1, strong legs 1, +LOS
a: Hop


You were on level 1 of the Dungeon.
You visited 1 branch of the dungeon, and saw 1 of its levels.

You collected 19 gold pieces.

Inventory:

Hand Weapons
 a - a +0 club (weapon)
Armour
 d - a +0 robe (worn)
Wands
 b - a wand of flame (5)
Potions
 c - 2 potions of invisibility
 e - a potion of attraction


   Skills:
 + Level 1.3 Armour
 + Level 1.0 Stealth
 + Level 1.1 Spellcasting
 + Level 3.3 Hexes
 + Level 4.4 Evocations


You had one spell level left.
You knew the following spells:

 Your Spells              Type           Power      Damage    Failure   Level
a - Slow                  Hex            44%        N/A       6%          1

Your spell library contained the following spells:

 Spells                   Type           Power      Damage    Failure   Level
 Confusing Touch          Hex            11%        N/A       17%         3
 Dazzling Flash           Conj/Hex       12%        N/A       34%         3


Dungeon Overview and Level Annotations

Branches:
Dungeon (1/15)

Altars:


Innate Abilities, Weirdness & Mutations

You are amphibious.
You cover ground slowly.
You can hop short distances.
You have an extended range of vision and can be seen from far away.


Message History

You see here a ball python corpse.
You see here a ball python corpse.
You now have 19 gold pieces.
You open the door.
Found 7 stones.
A frilled lizard and a rat come into view.
There is an open door here.
You hit the frilled lizard.
You kill the frilled lizard!
You hit the rat.
You kill the rat!
You see here a rat corpse.
Found 4 stones.
You see here 4 stones.
c - 2 potions of invisibility (gained 1)
A rat and a jackal come into view.
Found a falchion.
The jackal barks!
You see here a scroll labelled DAMOMA QIPUD.
A jackal comes into view.
The jackal barks!
A giant cockroach comes into view.
A jackal comes into view.
You closely miss the jackal. The jackal closely misses you. The rat bites you.
The jackal barely misses you.
The jackal barks!
You hit the jackal but do no damage. The rat bites you.
You closely miss the jackal.
The jackal bites you but does no damage.
The rat barely misses you. The jackal bites you.
You barely miss the jackal. The jackal bites you. The rat closely misses you.
The jackal barely misses you. The jackal closely misses you. x2
The rat bites you. The jackal misses you. The jackal attacks as you move away!
The jackal closely misses you. The jackal attacks as you move away!
The jackal bites you. The jackal attacks as you move away!
The jackal barely misses you. The jackal attacks as you move away!
The jackal bites you.
* * * LOW HITPOINT WARNING * * *
The jackal bites you.
You die...

#. ..... ####. ....# ....
#...# ... #...# .. ######
#...# .####..... #...#
#......#####
#...###########h........).
#...#.........@hr........#
#........######?h.........
#........# #.B.........
####.....# #...........
#.....# ###.#.#.....
#.....# #.#....... ##.####
#.####.#.. #.# #.. . . #.#
### #


You could see 3 jackals, a giant cockroach and a rat.

Vanquished Creatures
  A ball python (D:1)
  A frilled lizard (D:1)
  A rat (D:1)
3 creatures vanquished.

Notes
Turn   | Place    | Note
-------+----------+-------------------------------------------
     0 | D:1      | Pimp the Barachi Wanderer began the quest for the Orb.
     0 | D:1      | Pimp set off with the following items: a +0 club, a wand of
                  | flame (5), a potion of invisibility, a +0 robe, a potion of
                  | attraction; and the following spell memorised: Slow; and
                  | the following spells available to memorise: Confusing
                  | Touch, Dazzling Flash.
     0 | D:1      | Reached XP level 1. HP: 13/13 MP: 2/2
   123 | D:1      | Slain by a jackal

Illustrated notes

Levels and vault maps discovered:
D:1:      lightli_arrival_statue_moat, layout_basic, serial_shops,
          nicolae_shop_crystal

Action                     || total
---------------------------++-------
  Melee: Club              ||     8
   Stab: Sleeping          ||     1
 Armour: Robe              ||     2
  Dodge: Dodged            ||    12

Table legend: (Time is in decaauts)
 A = Elapsed time spent in this place.
 B = Non-inter-level travel time spent in this place.
 C = Inter-level travel time spent in this place.
 D = Time resting spent in this place.
 E = Time spent auto-exploring this place.
 F = Levels seen in this place.
 G = Mean time per level.
                   A        B        C        D        E       F      G
               +--------+--------+--------+--------+--------+-----+--------+
         Total |    147 |    147 |      0 |      0 |    117 |   1 |  147.0 |
       Dungeon |    147 |    147 |      0 |      0 |    117 |   1 |  147.0 |
               +--------+--------+--------+--------+--------+-----+--------+

Top non-repeatable levels by time:
     D:1: 147 daAuts
